 Dungeon Crawl Stone Soup version 0.29-a0-553-g81b289d (webtiles) character file.

Game seed: 10671034004060832494

24867 Illumine the Grappler (level 12, -17/118 (119) HPs)
             Began as a Troll Cinder Acolyte on June 6, 2022.
             Was an Initiate of Ignis.
             Demolished by an orc knight
             ... wielding a +0 great sword
              (35 damage)
             ... on level 2 of the Orcish Mines.
             The game lasted 00:33:55 (14418 turns).

Illumine the Grappler (Troll Cinder Acolyte)       Turns: 14418, Time: 00:33:55

HP:   -17/118 (119) AC:  7    Str: 29    XL:     12   Next: 84%
MP:   12/12         EV: 14    Int: 10    God:    Ignis [......]
Gold: 1147          SH:  5    Dex:  5    Spells: 8/13 levels left

rFire   + + .      SeeInvis .     - Unarmed
rCold   + . .      Faith    .   (no shield)
rNeg    . . .      Spirit   .   W - +2 robe {Will+}
rPois   +          Reflect  +   e - +1 hat
rElec   .          Harm     .   p - scarf {rC+ rF+}
rCorr   .          Rampage  .   (gloves unavailable)
Will    +....                   (boots unavailable)
Stlth   +.........              b - amulet of reflection
HPRegen 1.09/turn               c - ring of poison resistance
MPRegen 0.13/turn               G - +4 ring of evasion

@: lightly drained
A: large, unfitting armour, claws 3, regeneration 1, shaggy fur 1, tough skin 1
a: Renounce Religion, Rising Flame


You were on level 2 of the Orcish Mines.
You worshipped Ignis.
Ignis was noncommittal.
You visited 3 branches of the dungeon, and saw 16 of its levels.
You also visited: Sewer and Gauntlet.

You collected 1579 gold pieces.
You spent 432 gold pieces at shops.

Inventory:

Hand Weapons
 a - a -1 falchion of flaming
 F - a +0 mace
Missiles
 j - 2 javelins
 x - 2 curare-tipped darts
 C - 6 large rocks (quivered)
 P - 10 boomerangs
 Y - 5 silver javelins
Armour
 e - a +1 hat (worn)
 p - a scarf of resistance (worn)
 O - a +2 robe of positive energy
 V - the +0 hat "Cosar" {rPois rC+ Regen+ Dex-5}
   (You found it in a Gauntlet)

   Dex:       It affects your dexterity (-5).
   rC:        It protects you from cold.
   rPois:     It protects you from poison.
   Regen:     It increases your rate of health regeneration.
 W - a +2 robe of willpower (worn)
Jewellery
 b - an amulet of reflection (around neck)
 c - a ring of poison resistance (left claw)
 r - a ring of fire
 G - a +4 ring of evasion (right claw)
 M - an amulet of the acrobat
 T - a ring of resist corrosion
 X - a ring of positive energy
Wands
 E - a wand of acid (2)
 H - a wand of iceblast (12)
 I - a wand of flame (15)
 K - a wand of mindburst (8)
 N - a wand of charming (5)
Scrolls
 d - 3 scrolls of enchant armour
 h - 6 scrolls of teleportation
 i - a scroll of poison
 l - a scroll of vulnerability {unknown}
 m - a scroll of brand weapon {unknown}
 n - a scroll of blinking {unknown}
 o - a scroll of acquirement {unknown}
 t - 4 scrolls of fog
 u - a scroll of magic mapping {unknown}
 y - 6 scrolls of immolation
 R - a scroll of torment {unknown}
 S - a scroll of enchant weapon {unknown}
 U - a scroll of summoning {unknown}
Potions
 f - 3 potions of ambrosia
 g - 4 potions of might
 k - 2 potions of berserk rage {unknown}
 q - 11 potions of curing
 s - 2 potions of resistance {unknown}
 v - 5 potions of heal wounds
 w - 3 potions of mutation
 z - a potion of magic {unknown}
 A - 4 potions of lignification
 B - a potion of attraction {unknown}
 D - a potion of invisibility
 J - a potion of haste {unknown}
 L - a potion of flight {unknown}
Miscellaneous
 Q - a phantom mirror (inert)
 Z - a tin of tremorstones (inert)


   Skills:
 + Level 7.8 Fighting
 - Level 2.4 Long Blades
 - Level 7.2 Throwing
 + Level 7.2 Dodging
 * Level 13.9 Unarmed Combat
 - Level 1.0 Spellcasting
 - Level 4.8 Transmutations
 - Level 2.1 Fire Magic
 - Level 4.1 Evocations


You had 8 spell levels left.
You knew the following spells:

 Your Spells              Type           Power      Damage    Failure   Level
a - Scorch                Fire           8%         2d5       22%         2
b - Beastly Appendage     Tmut           20%        N/A       4%          1
c - Wereblood             Tmut           10%        N/A       7%          2

Your spell library contained the following spells:

 Spells                   Type           Power      Damage    Failure   Level
 Passwall                 Tmut/Erth      4%         N/A       21%         2
 Freeze                   Ice            0%         1d3       34%         1
 Summon Small Mammal      Summ           0%         N/A       34%         1
 Spider Form              Tmut/Pois      5%         N/A       36%         3
 Ensorcelled Hibernation  Hex/Ice        0%         N/A       45%         2
 Sublimation of Blood     Necr           0%         N/A       45%         2
 Inner Flame              Hex/Fire       2%         N/A       54%         3
 Call Canine Familiar     Summ           0%         N/A       71%         3
 Dazzling Flash           Conj/Hex       0%         N/A       71%         3
 Frozen Ramparts          Ice            0%         1d2       71%         3
 Summon Guardian Golem    Hex/Summ       0%         N/A       71%         3
 Swiftness                Air            0%         N/A       71%         3
 Tukima's Dance           Hex            0%         N/A       71%         3
 Blade Hands              Tmut           5%         N/A       78%         5
 Airstrike                Air            0%         N/A       98%         4
 Cause Fear               Hex            0%         N/A       98%         4
 Fulminant Prism          Conj/Hex       0%         3d6       98%         4
 Hailstorm                Conj/Ice       0%         3d3       98%         4
 Iskenderun's Mystic Bla  Conj/Tloc      0%         2d3       98%         4
 Passage of Golubria      Tloc           0%         N/A       98%         4
 Summon Lightning Spire   Summ/Air       0%         N/A       98%         4
 Irradiate                Conj/Tmut      2%         3d14      98%         5
 Yara's Violent Unravell  Hex/Tmut       2%         3d3       98%         5
 Agony                    Necr           0%         N/A       100%        5
 Lee's Rapid Deconstruct  Erth           0%         3d5*      100%        5
 Lightning Bolt           Conj/Air       0%         1d11      100%        5
 Silence                  Hex/Air        0%         N/A       100%        5
 Dragon Form              Tmut           5%         N/A       100%        7
 Summon Hydra             Summ           0%         N/A       100%        7
 Discord                  Hex            0%         N/A       100%        8


Dungeon Overview and Level Annotations

Branches:
Dungeon (11/15)            Temple (0/1) D:4            Lair (3/6) D:10
    Orc (2/2) D:10            Elf (0/3) Orc:2         Sewer (visited)
Gauntlet (visited)
  Swamp: Lair:2-4    Shoals: Lair:2-4     Snake: Lair:2-4    Spider: Lair:2-4

Altars:
Uskayaw
Beogh

Shops:
D:2 [   D:6 !   D:7 =   Orc:1 (

Annotations:
D:10 Fannar
Lair:2 Amaemon


Innate Abilities, Weirdness & Mutations

You are too large for most types of armour.
You have claws for hands.
Your natural rate of healing is unusually fast.
You are covered in fur. (AC +1)
You have tough skin. (AC +1)


Message History

Press: ? - help, Shift-Dir - straight line, f - orc knight
Aim: an orc knight, wielding a +1 war axe and wearing a +0 chain mail (strong)
Okay, then.
Unknown command.
Okay, then.
Okay, then.
The air fills with toxic fumes!
As you read the scroll of poison, it crumbles to dust.
Unknown command.
Unknown command.
You mangle the orc knight!! Your claw misses the orc knight.
The orc knight is severely wounded.
Unknown command.
You scratch the orc knight but do no damage.
The orc knight is severely wounded.
The orc knight is engulfed in poison gas.
The orc knight is poisoned.
The orc high priest utters an invocation to Beogh.
The orc knight is engulfed in poison gas.
The orc knight is poisoned.
The orc knight hits you with a +0 great sword!!!
Unknown command.
You scratch the orc knight but do no damage.
The orc knight is severely wounded.
The orc knight looks even sicker.
The orc knight is engulfed in poison gas.
The orc knight is poisoned.
The orc knight is engulfed in poison gas.
The orc knight looks even sicker.
The orc knight hits you with a +0 great sword!!!
* * * LOW HITPOINT WARNING * * *
The orc high priest is poisoned.
The orc knight is engulfed in poison gas.
The orc knight looks even sicker.
The orc warrior is engulfed in poison gas.
The orc warrior is poisoned.
The orc knight is engulfed in poison gas.
The orc knight looks even sicker.
The orc knight hits you with a +0 great sword!!
You die...

.............................##
..........§§§§§§.§§§§§§§......##
.........§.§§§§.§§§§§§§§.......#
.........§§.§§..o§§§§§§§......##
.......#.§#§#§§o§§§§§§§§.......##
#........§§§§§§§oo§§§§§§.........
#........§§§§§o4o4§§§§§§..##.....
#........§§§§§§§o§§§§§§§.........
.........§§§§§§§@§§§§§§§.........
.....#...§§§§§§§§§§§§§§§......#..
##.......§§§§§§§§§§§§§§§.....###.
.........§§§§§§§§§§§§§§§....###..
.........#§§§§§§§§§§§§§§........>
.........§§§§#####§§§§§§.........
.#.##....§§§##(.###§§§§§....#....
..###....§§###...###§§§§.....#..<
.###.......#.((...###.........##.


You could see 3 orc knights, an orc high priest (strong, poisoned), 2 hellwings,
an orc warrior (strong, poisoned), an orc priest (strong) and an orc (strong).

Vanquished Creatures
  Josephine (D:11)
  2 hydras
  A ghost crab (Gauntlet)
  An orc high priest (Orc:1)
  Pikel (D:5)
  4 orc knights
  A cyclops (D:11)
  Maurice (D:11)
  Psyche (D:9)
  6 cane toads
  An orange demon (Lair:2)
  5 komodo dragons
  3 trolls
  5 blink frogs (Lair:2)
  A shadow (D:11)
  A spriggan (shapeshifter) (Gauntlet)
  15 yaks
  7 wraiths
  A basilisk (Lair:2)
  2 wargs (Orc:1)
  6 water moccasins
  6 black bears
  18 orc warriors
  9 ogres
  8 wolves
  8 centaurs
  4 phantoms
  3 kobold brigands
  A lemure (D:5)
  6 bullfrogs
  Blork the orc (D:6)
  3 scorpions
  8 wights
  7 killer bees (D:8)
  2 howler monkeys (D:9)
  3 hounds (D:5)
  2 jellies (D:6)
  23 orc priests
  2 iguanas
  20 orc wizards
  6 ogre zombies (D:10)
  10 adders
  3 gnolls (D:5)
  4 river rats
  2 white imps (D:6)
  2 ufetubi (D:6)
  2 worms
  The ghost of enarc13 the Sneak, a weakling TrDe (D:3)
  A dart slug (D:3)
  89 orcs
  19 ball pythons
  6 bats
  12 endoplasms
  3 giant cockroaches
  3 goblins
  7 hobgoblins
  5 quokkas
  5 frilled lizards
  3 goblin skeletons (D:10)
  A goblin zombie (D:10)
  2 hobgoblin skeletons (D:10)
  2 hobgoblin zombies (D:10)
  24 kobolds
  3 orc skeletons (D:10)
  6 orc zombies (D:10)
  21 rats
442 creatures vanquished.

Vanquished Creatures (collateral kills)
  A minotaur (Gauntlet)
  An orc high priest (Orc:2)
  An orc priest (Orc:2)
3 creatures vanquished.

Vanquished Creatures (others)
  22 foxfires (Orc:2)
  15 fungi
  26 plants
63 creatures vanquished.

Grand Total: 508 creatures vanquished

Notes
Turn   | Place    | Note
-------+----------+-------------------------------------------
     0 | D:1      | Illumine the Troll Cinder Acolyte began the quest for the
                  | Orb.
     0 | D:1      | Reached XP level 1. HP: 22/22 MP: 1/1
    77 | D:1      | Reached skill level 1 in Unarmed Combat
   127 | D:1      | Reached XP level 2. HP: 28/29 MP: 2/2
   270 | D:1      | Reached skill level 2 in Unarmed Combat
   662 | D:1      | Found a faded altar of an unknown god.
   943 | D:2      | Learned a level 2 spell: Scorch
   966 | D:2      | Reached XP level 3. HP: 36/36 MP: 3/3
  1192 | D:2      | Found Vifech's Armour Shop.
  1241 | D:2      | Reached skill level 3 in Unarmed Combat
  1361 | D:2      | Learned a level 1 spell: Beastly Appendage
  1462 | D:3      | Found a large runed translucent door.
  1462 | D:3      | Found a large runed translucent door.
  1463 | D:3      | Noticed enarc13's ghost (weakling TrDe)
  1617 | D:3      | Reached XP level 4. HP: 43/44 MP: 4/4
  2197 | D:3      | Reached skill level 4 in Unarmed Combat
  2417 | D:3      | Killed enarc13's ghost
  2633 | D:4      | Reached XP level 5. HP: 45/50 MP: 5/5
  2741 | D:4      | Found a glowing drain.
  2758 | D:4      | Reached skill level 5 in Unarmed Combat
  2768 | Sewer    | Entered a sewer
  3121 | Sewer    | Reached skill level 6 in Unarmed Combat
  3121 | Sewer    | Reached XP level 6. HP: 16/59 MP: 6/6
  3477 | D:4      | Found a staircase to the Ecumenical Temple.
  3873 | D:5      | Entered Level 5 of the Dungeon
  4148 | D:5      | Reached skill level 1 in Dodging
  4148 | D:5      | Reached skill level 7 in Unarmed Combat
  4148 | D:5      | Reached XP level 7. HP: 66/66 MP: 7/7
  4172 | D:5      | Noticed Pikel
  4185 | D:5      | Killed Pikel
  4186 | D:5      | Reached skill level 8 in Unarmed Combat
  4186 | D:5      | Reached XP level 8. HP: 75/75 MP: 2/8
  4521 | D:5      | Reached skill level 1 in Throwing
  4917 | D:6      | Reached skill level 9 in Unarmed Combat
  5028 | D:6      | Noticed Blork the orc
  5203 | D:6      | Reached XP level 9. HP: 81/85 MP: 0/9
  5336 | D:6      | Found Yxipueb's Distillery.
  5352 | D:6      | Bought a potion of degeneration for 12 gold pieces
  5686 | D:6      | Killed Blork the orc
  6042 | D:7      | Found Bodus's Jewellery Shoppe.
  6715 | D:8      | Identified the +1 robe of Greed {rPois Will+ Str-5}
  6854 | D:8      | Reached skill level 10 in Unarmed Combat
  6940 | D:8      | Reached skill level 5 in Fighting
  6944 | D:8      | Reached skill level 1 in Transmutations
  6960 | D:8      | Learned a level 2 spell: Wereblood
  7647 | D:9      | Found a hide-covered altar of Uskayaw.
  7695 | D:9      | Noticed a troll
  7706 | D:9      | Killed a troll
  7794 | D:9      | Reached XP level 10. HP: 77/96 MP: 10/10
  8274 | D:9      | Noticed Psyche
  8285 | D:9      | Killed Psyche
  8286 | D:9      | Reached skill level 11 in Unarmed Combat
  8423 | D:9      | Reached skill level 5 in Dodging
  8583 | D:10     | Entered Level 10 of the Dungeon
  8665 | D:7      | Bought an amulet of reflection for 420 gold pieces
  8849 | D:10     | Found a staircase to the Orcish Mines.
  9028 | D:10     | Found a staircase to the Lair.
  9291 | D:10     | Noticed Fannar
  9311 | Lair:1   | Entered Level 1 of the Lair of Beasts
  9327 | Lair:1   | Noticed a cane toad
  9336 | Lair:1   | Killed a cane toad
  9448 | Lair:1   | Noticed a cane toad
  9458 | Lair:1   | Killed a cane toad
  9459 | Lair:1   | Reached skill level 5 in Throwing
  9464 | Lair:1   | Reached skill level 1 in Evocations
  9470 | Lair:1   | Reached XP level 11. HP: 104/105 MP: 9/11
  9509 | Lair:1   | Found a gate leading to a gauntlet.
  9526 | Gauntlet | Entered a Gauntlet
  9526 | Gauntlet | Found a transporter.
  9536 | Gauntlet | Found a transporter.
  9538 | Gauntlet | Found a transporter.
  9538 | Gauntlet | Found a transporter.
  9540 | Gauntlet | Found a large runed translucent door.
  9540 | Gauntlet | Found a large runed translucent door.
  9541 | Gauntlet | Found a large runed translucent door.
  9541 | Gauntlet | Found a large runed translucent door.
  9555 | Gauntlet | Found a transporter.
  9568 | Gauntlet | Found a transporter.
  9570 | Gauntlet | Noticed a great orb of eyes
  9573 | Gauntlet | Found a transporter.
  9576 | Gauntlet | Noticed a brown ugly thing
  9576 | Gauntlet | Noticed a ghost crab
  9588 | Gauntlet | Found a transporter.
  9588 | Gauntlet | Found the +4 Cigotuvi's embrace {rMiasma Drain rN+}
  9607 | Gauntlet | Found a transporter.
  9615 | Gauntlet | Found a large runed translucent door.
  9615 | Gauntlet | Noticed a purple ugly thing
  9616 | Gauntlet | Found a large runed translucent door.
  9616 | Gauntlet | Noticed a glowing orange brain
  9617 | Gauntlet | Found a large runed translucent door.
  9617 | Gauntlet | Found a large runed translucent door.
  9617 | Gauntlet | Noticed a purple ugly thing
  9618 | Gauntlet | Found a runed translucent gate.
  9619 | Gauntlet | Found a transporter.
  9619 | Gauntlet | Found a runed translucent gate.
  9620 | Gauntlet | Found a runed translucent gate.
  9621 | Gauntlet | Found a large runed translucent door.
  9621 | Gauntlet | Found a large runed translucent door.
  9622 | Gauntlet | Found a large runed translucent door.
  9623 | Gauntlet | Found a large runed translucent door.
  9631 | Gauntlet | Found a transporter.
  9643 | Gauntlet | Found a transporter.
  9655 | Gauntlet | Found a transporter.
  9672 | Gauntlet | Found a transporter.
  9689 | Gauntlet | Found a transporter.
  9691 | Gauntlet | Found a transporter.
  9710 | Gauntlet | Noticed a harpy
  9719 | Gauntlet | Found a transporter.
  9721 | Gauntlet | Found a transporter.
  9741 | Gauntlet | a harpy changed into a raiju
  9797 | Gauntlet | Found a large runed translucent door.
  9797 | Gauntlet | Found a large runed translucent door.
  9797 | Gauntlet | Found a runed translucent door.
  9797 | Gauntlet | Found a runed translucent door.
  9799 | Gauntlet | Found a large runed translucent door.
  9800 | Gauntlet | Found a large runed translucent door.
  9856 | Gauntlet | Identified the +0 hat "Cosar" {rPois rC+ Regen+ Dex-5}
  9865 | Gauntlet | Noticed a spectral anaconda
  9869 | Gauntlet | Killed a ghost crab
  9870 | Gauntlet | Reached skill level 12 in Unarmed Combat
 10010 | Gauntlet | Noticed a minotaur
 10020 | Gauntlet | Killed a minotaur
 10251 | Lair:1   | Noticed a six-headed hydra
 10258 | Lair:1   | Killed a three-headed hydra
 10392 | Lair:1   | You fall into a shaft and drop 1 floor!
 11058 | Lair:2   | Noticed Amaemon
 11308 | D:11     | Identified the +4 flail of Lakku {vorpal, *Slow Fly rC+}
 11356 | D:11     | Reached XP level 12. HP: 114/118 MP: 12/12
 11451 | D:11     | Noticed Maurice
 11462 | D:11     | Killed Maurice
 11591 | D:11     | Noticed Josephine
 11605 | D:11     | Noticed a six-headed hydra
 11687 | D:11     | Reached skill level 13 in Unarmed Combat
 11775 | D:11     | Killed Josephine
 11878 | D:11     | Killed a four-headed hydra
 12493 | Orc:1    | Entered Level 1 of the Orcish Mines
 12580 | Orc:2    | Entered Level 2 of the Orcish Mines
 13016 | Orc:1    | Found Kudopp's Antique Weapon Shop.
 13064 | Orc:1    | Noticed an orc high priest
 13202 | Orc:1    | Killed an orc high priest
 13603 | Orc:2    | Found a staircase to the Elven Halls.
 14134 | Orc:2    | Noticed an orc high priest
 14144 | Orc:2    | Killed an orc high priest
 14366 | Orc:2    | Noticed an orc high priest
 14418 | Orc:2    | Demolished by an orc knight

Illustrated notes

Levels and vault maps discovered:
D:1:      minmay_arrival_four_houses, layout_loops_ring,
          dilly_ecumenical_altar_fadedgnrine, serial_forest,
          infiniplex_forest_clump_curved, infiniplex_forest_clump_double,
          infiniplex_forest_clump_medium, infiniplex_forest_split,
          infiniplex_forest_straight_2, minmay_door_square
D:2:      layout_basic, serial_shops, shop, serial_curves, eino_curves_01,
          eino_curves_04, bh_walls_and_bars
D:3:      minmay_diamond_boxcup, layout_loops_corners,
          ebering_ghost_disaster_area, dk_noncrumbling_4
D:4:      layout_basic, temple_statues, portal_sewer_entry_c
D:5:      layout_loops_ring, minivault_27, uniq_pikel
D:6:      layout_cave_pools, serial_shops, shop, lemuel_old_faithful,
          uniq_blork_the_orc
D:7:      black_bear_nest_2, layout_loops_ring, serial_shops,
          nicolae_stop_n_shop_1
D:8:      layout_loops_ring, dreamdust_mushroom_princess
D:9:      layout_basic, mainiacjoe_overflow_cross_hatched, uniq_psyche
D:10:     layout_roguey, lair_entry_dummy, zombieorc1_lemuel, uniq_fannar
D:11:     layout_grid_maze, uniq_maurice, uniq_josephine
Lair:1:   layout_roguey, gauntlet_entry_generic, beast_lair_carwin_5,
          grunt_megastairs_5
Lair:2:   layout_roguey, chequers_serial_rivers_marsh, serial_bayou_shore_b,
          uniq_amaemon
Lair:3:   layout_chaotic_city, elwin_shoals_entry_rooms,
          minmay_snake_entry_six_corridors
Orc:1:    layout_diamond_mine, serial_shops, shop, basic_altar,
          kennysheep_orc_chapel
Orc:2:    st_orc_pillars, layout_caves, nicolae_orc_tapped_out

Skill      XL: |  1  2  3  4  5  6  7  8  9 10 11 12 |
---------------+-------------------------------------+-----
Unarmed Combat | 1 2 3 4 6 7 8 9 10 11 12 13 | 13.9
Dodging        | 1 2 3 4 5 6 7 |  7.2
Fighting       | 3 4 5 6 7 |  7.8
Throwing       | 2 3 5 6 7 |  7.2
Transmutations | 1 3 4 |  4.8
Evocations     | 1 3 4 |  4.1
Long Blades    | |  2.4
Spellcasting   | |  1.0
Fire Magic     | |  2.1

Action                   |  1- 3 |  4- 6 |  7- 9 | 10-12 || total
-------------------------+-------+-------+-------+-------++-------
Melee: Falchion          |    75 |       |       |     7 ||    82
       Unarmed           |    66 |   242 |   168 |   634 ||  1110
       Punch             |       |     2 |     4 |    34 ||    40
       Kick              |       |       |     6 |    37 ||    43
       Headbutt          |       |       |     2 |    18 ||    20
Throw: Javelin           |       |       |     2 |     5 ||     7
       Large rock        |       |       |       |     3 ||     3
       Boomerang         |       |       |       |     2 ||     2
 Cast: Scorch            |       |     1 |    46 |    12 ||    59
       Beastly Appendage |       |       |     3 |    17 ||    20
       Wereblood         |       |       |       |    15 ||    15
Invok: Fiery Armour      |       |     3 |     1 |     7 ||    11
       Foxfire Swarm     |       |       |       |     1 ||     1
Evoke: Phantom mirror    |       |       |       |     2 ||     2
       Wand              |       |       |       |     4 ||     4
       Tin of tremorston |       |       |       |     2 ||     2
  Use: Scroll            |       |       |     7 |    10 ||    17
       Potion            |       |       |       |     3 ||     3
 Stab: Sleeping          |       |     2 |       |       ||     2
       Invisible         |       |       |       |     1 ||     1
Armor: Robe              |    64 |    95 |    43 |   114 ||   316
Dodge: Dodged            |    51 |   120 |   114 |   370 ||   655
Block: Other             |       |       |       |   126 ||   126
       Reflection        |       |       |       |     3 ||     3

Table legend: (Time is in decaauts)
 A = Elapsed time spent in this place.
 B = Non-inter-level travel time spent in this place.
 C = Inter-level travel time spent in this place.
 D = Time resting spent in this place.
 E = Time spent auto-exploring this place.
 F = Levels seen in this place.
 G = Mean time per level.
                   A        B        C        D        E       F      G
               +--------+--------+--------+--------+--------+-----+--------+
         Total |  14331 |  13634 |    697 |   1123 |   8715 |  18 |  796.2 |
       Dungeon |   9974 |   9332 |    642 |    306 |   7125 |  11 |  906.7 |
          Lair |   1218 |   1175 |     43 |    137 |    564 |   3 |  406.0 |
  Orcish Mines |   1882 |   1870 |     12 |    542 |    630 |   2 |  941.0 |
         Sewer |    595 |    595 |      0 |      0 |    348 |   1 |  595.0 |
      Gauntlet |    661 |    661 |      0 |    138 |     47 |   1 |  661.0 |
               +--------+--------+--------+--------+--------+-----+--------+

Top non-repeatable levels by time:
     D:9: 1217 daAuts
    D:11: 1171 daAuts
     D:6: 1078 daAuts
     D:3: 1049 daAuts
     D:5: 990 daAuts
   Orc:2: 949 daAuts
   Orc:1: 932 daAuts
     D:1: 871 daAuts
     D:4: 818 daAuts
     D:8: 805 daAuts
     D:7: 783 daAuts
  Lair:2: 756 daAuts
Gauntlet: 661 daAuts
    D:10: 643 daAuts
   Sewer: 595 daAuts
